 Dungeon Crawl Stone Soup version 0.27-a0-101-g3cb999cee2 (webtiles) character file.

Game seed: 4017780855465241910

623303 jasper the Axe Maniac (level 26, -4/267 HPs)
             Began as a Palentonga Berserker on Jan 21, 2021.
             Was the Champion of Trog.
             Killed from afar by an orb of fire (10 damage)
             ... with a bolt of fire
             ... on level 5 of the Realm of Zot.
             The game lasted 01:55:27 (81351 turns).

jasper the Axe Maniac (Palentonga Berserker)       Turns: 81351, Time: 01:55:28

Health: -4/267     AC: 71    Str: 24 (27) XL:     26   Next: 57%
Magic:  7/7        EV:  7    Int:  5 (8)  God:    Trog [******]
Gold:   5012       SH:  0    Dex: 13 (14) Spells: 25/25 levels left

rFire    + + +     SeeInvis +   n - +6 executioner's axe (antimagic)
rCold    + + +     Faith    .   (shield currently unavailable)
rNeg     + . .     Spirit   .   l - +11 gold dragon scales
rPois    +         Reflect  .   (no helmet)
rElec    +         Harm     .   J - +2 cloak {Stlth+}
rCorr    +         Rampage  .   H - +5 pair of gloves of Insecurity {rPois}
Will     +....     Rnd*Rage +   e - +10 Black Knight's barding {ponderous, rPois rN+}
Stlth    ..........             h - amulet of regeneration
HPRegen  0.94/turn              y - ring of Buczuit {+Fly rF+ rC+ Int+3}
MPRegen  0.10/turn              t - ring of the Tortoise {AC+8}

@: about to teleport, resistant, marked, no potions, slowed, curled up, very
slow
A: large, rugged brown scales 3, see invisible, berserk 1, deformed body, dopey
1, weak 1, roll 1, armoured tail, reflexive curl
}: 4/15 runes: decaying, silver, abyssal, gossamer
a: Rolling Charge, Renounce Religion, Evoke Flight, Berserk, Trog's Hand,
Brothers in Arms


You were on level 5 of the Realm of Zot.
You worshipped Trog.
Trog was exalted by your worship.
You visited 10 branches of the dungeon, and saw 49 of its levels.
You visited the Abyss 1 time.
You also visited: Ossuary, Bailey and Wizlab.

You collected 9458 gold pieces.
You spent 4446 gold pieces at shops.

Inventory:

Hand Weapons
 n - a +6 antimagic executioner's axe (weapon)
 s - a +9 executioner's axe of flaming
 R - a +4 executioner's axe
Missiles
 c - 1598 stones (quivered)
 w - 41 silver javelins
Armour
 e - the +10 Black Knight's barding (worn) {ponderous, rPois rN+}
   (You acquired it in a bailey)

   It protects you from poison.
   It protects you from negative energy.
 l - +11 gold dragon scales (worn)
 H - the +5 pair of gloves of Insecurity (worn) {rPois}
   (You bought it in a shop on level 2 of the Orcish Mines)

   It protects you from poison.
 J - a +2 cloak of stealth (worn)
Jewellery
 h - an amulet of regeneration (around neck)
 t - the ring of the Tortoise (right hand) {AC+8}
   (You acquired it on level 1 of the Swamp)

   [ring of protection]

   It affects your AC (+8).
 x - an uncursed ring of protection from fire
 y - the ring of Buczuit (left hand) {+Fly rF+ rC+ Int+3}
   (You took it off a deep elf archer on level 3 of the Elven Halls)

   [ring of flight]

   It affects your intelligence (+3).
   It protects you from fire.
   It protects you from cold.
   It lets you fly.
 T - the ring "Uttan" {rN+ MP+9}
   (You found it on level 14 of the Dungeon)

   [ring of magical power]

   It protects you from negative energy.
   It affects your magic capacity (+9).
Wands
 z - a wand of polymorph (22)
 E - a wand of disintegration (78)
 M - a wand of acid (20)
 N - a wand of paralysis (33)
 S - a wand of iceblast (28)
 W - a wand of digging (9)
 Y - a wand of flame (89)
Scrolls
 a - 4 scrolls of holy word
 d - 12 scrolls of teleportation
 i - a scroll of magic mapping
 o - 24 scrolls of remove curse
 r - 3 scrolls of immolation
 C - a scroll of enchant armour
 I - 12 scrolls of fear
 K - 4 scrolls of torment
 L - a scroll of silence
 U - 8 scrolls of fog
 V - 10 scrolls of identify
Potions
 f - 25 potions of curing
 g - a potion of magic
 j - 8 potions of might
 k - 17 potions of flight
 m - 6 potions of resistance
 p - 8 potions of lignification
 A - 6 potions of mutation
 D - 3 potions of invisibility
 F - 2 potions of heal wounds
 O - 2 potions of haste
 Q - 6 potions of ambrosia
Miscellaneous
 b - a phial of floods
 q - a condenser vane (inert)
 v - a box of beasts
 B - a tin of tremorstones (inert)
 X - a phantom mirror
 Z - a lightning rod (4/4)


   Skills:
 * Level 23.0 Fighting
 O Level 27 Axes
 + Level 16.7 Armour
 + Level 14.3 Dodging
 + Level 17.0 Evocations


You had 25 spell levels left.
You didn't know any spells.
Your spell library was empty.

Dungeon Overview and Level Annotations

Branches:
Dungeon (15/15)            Temple (1/1) D:6            Lair (6/6) D:9
  Swamp (4/4) Lair:2       Spider (4/4) Lair:4        Slime (0/5) Lair:6
    Orc (2/2) D:10            Elf (3/3) Orc:2        Vaults (5/5) D:13
  Crypt (0/3) Vaults:2     Depths (5/5) D:15            Zot (5/5) Depths:5
Ossuary (visited)          Bailey (visited)          WizLab (visited)

Altars:
Fedhas
Kikubaaqudgha
Makhleb
Nemelex Xobeh
Okawaru
Ru
Sif Muna
Trog
Uskayaw
Vehumet
Xom
The Shining One
Beogh
Jiyva
Lugonu

Shops:
Orc:1 :   Orc:2 ([!}   Vaults:2 *   Depths:1 *   Depths:2 *

Portals:
Hell: Depths:1 Depths:2 Depths:3 Depths:4 Depths:5
Abyss: Swamp:3 Depths:4
Pandemonium: Depths:1 Depths:3 Depths:5
Ziggurat: Depths:4

Annotations:
D:7 2 transporters, Frask's ghost, novice MiMo
D:12 1 runed translucent door
D:13 2 transporters, Cuqelav's ghost, journeyman GrEE
Lair:2 exclusion: oklob plant
Vaults:2 2 runed translucent doors, AgonHex's ghost, veteran HOFi
Depths:1 exclusion: 2 doors
Depths:3 2 transporters, Suceck's ghost, adept DsAK


Innate Abilities, Weirdness & Mutations

You are completely covered in rugged brown scales. (AC +3, +7% HP)
You have supernaturally acute eyesight. (SInv)
Armour fits poorly on your strangely shaped body.
You can roll at nearby foes to attack.
You have a long armoured tail.
You curl defensively after being hit.
You tend to lose your temper in combat.
You are dopey. (Int -2)
You are weak. (Str -2)


Message History

An ancient lich comes into view.
The ancient lich mumbles some strange words.
The ancient lich seems to speed up.
You hear a loud "Zot"!
You take 18 damage, and have 12/267 hp.
Blink to where?
Press: ? - help, Dir - move target Really blink into that dispersal trap?
You enter a dispersal trap!
The Orb Guardian blinks! x6
The orb of fire blinks!
The Orb Guardian blinks!
The orb of fire blinks!
The death cob blinks!
The ancient lich blinks!
The orb of fire blinks!
The Orb Guardian blinks! x2; The orb of fire blinks!
The Orb Guardian blinks!
The Killer Klown blinks!
You blink.
As you read the scroll of blinking, it crumbles to dust.
The orb of fire glows bright magenta.
The bolt of fire hits you! You resist.
* * * LOW HITPOINT WARNING * * *
The orb of fire glows bright magenta.
The bolt of fire hits you! You resist.
You die...

▓▓▓▓...§.....§.....▓*
##▓..........L§§...*.***
##...§....*§§§...^.....,** ****
#.....................^,,*
,,,**▓..........§........z..,,*
,,,.*▓......8.§.....§..z....,**
,,,§.▓...........§X........X**
,,,§...X§.^*X§..§..X......^▓*
^,^,,▓..§p...§..@X..........**
,,^,*▓..§.pX§§...X..........,**
,,,**▓.^.X.*.X§.....§^......,,*
**** ▓....(......^..........,,*
▓▓....X..§§........^...,**
▓▓▓.......*...........**
▓▓▓▓.............▓▓▓*
▓▓▓▓▓▓▓▓▓▓▓▓▓▓▓


You could see 4 orbs of fire, 2 Killer Klowns, an electric golem, an ancient
lich (fast), a death cob and 8 Orb Guardians.

Vanquished Creatures
  Mennas (Vaults:3)
  A juggernaut (Depths:3)
  An ancient lich (Zot:5)
  Sojobo (Depths:3)
  Frederick (Depths:5)
  Saint Roka (Vaults:1)
  Margery (Vaults:3)
  A caustic shrike (Depths:2)
  A curse toe (Zot:5)
  4 golden dragons
  Jory (Vaults:3)
  Nikola (Spider:3)
  A bone dragon (Depths:5)
  5 liches
  2 electric golems
  5 tentacled monstrosities
  7 Orb Guardians (Zot:5)
  4 titans
  3 deep elf master archers (Elf:3)
  A deep elf blademaster (Elf:3)
  3 quicksilver dragons
  4 death cobs
  Kirke (Swamp:1)
  2 sphinxes
  A tentacled starspawn (Abyss:4)
  7 shadow dragons
  A thorn hunter (Swamp:1)
  17 tengu reavers
  4 storm dragons
  6 draconian monks
  15 fire giants
  12 frost giants
  3 ghost moths
  A nagaraja (Depths:1)
  Aizul (Spider:1)
  2 draconian knights (Zot:1)
  Louise (Spider:3)
  15 deep elf sorcerers
  A balrug (Depths:1)
  12 vault wardens
  2 draconian scorchers
  An angel (Depths:3)
  2 draconian shifters (Zot:1)
  6 emperor scorpions
  5 deep elf elementalists
  6 draconian annihilators
  A reaper (Depths:3)
  A war gargoyle (Vaults:5)
  20 ironheart preservers
  2 draconian stormcallers
  27 stone giants
  21 very ugly things
  4 spriggan defenders
  A vampire knight (Depths:2)
  2 entropy weavers
  A juggernaut skeleton (D:15)
  Nessos (Lair:4)
  6 deep elf demonologists
  5 green draconians
  8 deep elf annihilators
  8 spark wasps
  4 white draconians
  A bunyip (Swamp:1)
  4 black draconians
  6 yellow draconians
  2 red draconians (Zot:5)
  17 purple draconians
  Snorg (D:13)
  2 crystal guardians
  2 merfolk impalers (Depths:2)
  21 ettins
  6 fire dragons
  4 eleionomae
  6 deep elf death magi
  2 green deaths (Swamp:4)
  2 merfolk javelineers
  12 yaktaur captains
  9 statues (WizLab)
  47 vault guards
  9 deep elf high priests
  9 rakshasas
  17 ogre magi
  13 hydras
  Erolcha (D:13)
  2 ghost crabs (Swamp:1)
  10 boulder beetles
  7 ice dragons
  3 great orbs of eyes
  2 catoblepae
  3 death knights
  44 two-headed ogres
  3 spriggan air magi
  26 dancing weapons
  4 centaur warriors
  4 tengu warriors
  13 alligators
  8 death yaks
  25 deep troll earth magi
  14 spriggan berserkers
  20 deep troll shamans
  2 thrashing horrors
  2 orc high priests
  3 vampire magi
  Urug (D:13)
  20 deep elf knights
  3 soul eaters
  21 spriggans
  7 iron trolls
  9 hell knights
  5 skeletal warriors (D:15)
  A sixfirhy (Depths:3)
  A wretched star (Abyss:5)
  4 spriggan druids
  3 goliath frogs
  3 shadow wraiths
  69 deep trolls
  4 small abominations
  5 unseen horrors
  6 glowing orange brains
  4 flayed ghosts
  10 deep elf archers
  8 swamp dragons
  4 phantasmal warriors
  24 ironbrand convokers
  2 swamp dragons (shapeshifter) (Vaults:5)
  5 bog bodies
  A naga ritualist (Depths:1)
  76 deep elf magi
  8 wizards
  17 orb spiders
  Pikel (D:4)
  11 orc sorcerers
  A mana viper (shapeshifter) (Elf:1)
  41 wolf spiders
  A tengu zombie (D:15)
  19 orc knights
  6 necromancers
  3 manticores
  9 cyclopes
  38 ugly things
  A cyclops (shapeshifter) (Depths:4)
  3 elephants (Lair:3)
  A salamander (shapeshifter) (Vaults:2)
  A frost giant skeleton (Vaults:1)
  2 black mambas (Lair:3)
  11 moths of wrath
  A black mamba (shapeshifter) (Vaults:1)
  15 vault sentinels
  5 spectral swamp worms (Depths:2)
  22 cane toads
  4 orange demons (Swamp:4)
  6 smoke demons
  4 gargoyles
  A cane toad (shapeshifter) (Abyss:4)
  A redback zombie (D:12)
  An ice devil (Depths:5)
  13 demonic crawlers
  35 yaktaurs
  6 freezing wraiths
  13 komodo dragons
  6 hellwings
  A tormentor (Depths:5)
  2 rime drakes
  A komodo dragon (shapeshifter) (Vaults:5)
  A kobold demonologist (D:14)
  An ancient zyme (Abyss:4)
  A yaktaur (shapeshifter) (Vaults:2)
  3 red devils
  3 tengu conjurers
  37 jumping spiders
  A queen bee (Lair:3)
  A spriggan skeleton (D:15)
  16 tyrant leeches
  32 slime creatures
  Grinder (D:4)
  A polar bear (shapeshifter) (Vaults:2)
  30 hornets
  A raiju (shapeshifter) (Depths:5)
  5 trolls
  7 polar bears
  5 dream sheep (Lair:6)
  A dream sheep (shapeshifter) (Vaults:5)
  26 blink frogs
  An ice dragon zombie (Vaults:1)
  7 raiju
  A human simulacrum (Vaults:2)
  The ghost of hehateme the Digger, an amateur GrEE (D:4)
  Sigmund (D:6)
  An ettin skeleton (D:15)
  3 vampires (Vaults:2)
  2 air elementals
  4 large abominations (Abyss:4)
  61 redbacks
  3 shadows
  4 wraiths
  17 water elementals
  3 fire bats (Abyss:5)
  30 tarantellas
  8 wyverns
  2 humans (D:13)
  2 tarantellas (shapeshifter)
  A dire elephant simulacrum (Abyss:4)
  5 fire elementals
  43 yaks
  2 basilisks
  4 hogs (Swamp:1)
  Eustachio (D:6)
  2 hogs (shapeshifter)
  4 chaos spawn (Abyss:5)
  16 vampire mosquitoes
  Edmund (D:4)
  7 wargs
  A soldier ant (D:11)
  13 swamp worms
  Duvessa (D:7)
  2 acid dragons
  A floating eye (Depths:2)
  17 water moccasins
  4 swamp drakes
  4 ice beasts
  3 black bears
  An eye of draining (D:15)
  52 orc warriors
  A sky beast (D:9)
  A hornet zombie (D:13)
  40 ogres
  A phantom (D:4)
  A necrophage (D:12)
  13 centaurs
  18 wolves
  2 big kobolds
  A human zombie (Vaults:1)
  30 bullfrogs
  2 glowing shapeshifter simulacra
  An earth elemental (Elf:1)
  3 water moccasin zombies (Ossuary)
  Dowan (D:7)
  3 scorpions
  18 killer bees
  The ghost of Snicker the Sneak, a weakling DsDe (D:4)
  18 wights
  5 electric eels
  3 howler monkeys
  3 crimson imps (Depths:1)
  A bullfrog zombie (D:12)
  11 hounds
  A quasit (D:7)
  5 centaur zombies
  28 orc priests
  A jelly (D:10)
  An iron imp (Depths:3)
  36 orc wizards
  3 bullfrog skeletons
  7 centaur skeletons
  3 iguanas
  Natasha (thrice) (D:4)
  7 hell rats
  11 worker ants
  A killer bee zombie (D:5)
  A big kobold zombie (Ossuary)
  A hound zombie (D:11)
  A killer bee simulacrum (D:10)
  2 mummies (Ossuary)
  2 worker ant zombies
  2 gnolls (D:5)
  An adder (shapeshifter) (Vaults:4)
  20 adders
  A shadow imp (D:9)
  3 white imps
  An ufetubus (Abyss:4)
  2 oozes
  3 adder skeletons
  5 adder zombies (Ossuary)
  6 worms
  The ghost of Snicker the Sneak, a weakling DsDe (D:4)
  6 dart slugs
  An adder simulacrum (D:10)
  4 leopard geckos
  119 orcs
  2 ball pythons
  2 giant cockroaches
  3 gnoll zombies (Ossuary)
  7 goblins
  4 hobgoblins
  3 jackals (D:1)
  27 kobolds
  4 quokkas
  7 bats
  5 frilled lizards
  6 hobgoblin zombies (Ossuary)
  6 kobold zombies (Ossuary)
  A leopard gecko skeleton (D:4)
  7 orc zombies
  A quokka skeleton (D:4)
  5 rats
  3 briar patches (Swamp:1)
  2 crawling corpses (Elf:3)
  A starspawn tentacle (Abyss:4)
2353 creatures vanquished.

Vanquished Creatures (collateral kills)
  5 liches (Abyss:5)
  A deep elf elementalist (Abyss:5)
  An ogre mage (Abyss:5)
  An ice dragon (Abyss:5)
  A death knight (D:12)
  An eye of devastation (Abyss:5)
  3 fire bats (Abyss:5)
  3 chaos spawn (Abyss:5)
  An ogre (D:12)
  A wight (D:11)
18 creatures vanquished.

Vanquished Creatures (others)
  Asterion (Elf:1)
  A vault warden (Vaults:5)
  A vampire knight (Depths:2)
  A spark wasp (Depths:2)
  A shadow wraith (Vaults:1)
  A deep troll (Vaults:4)
  A spriggan druid (Swamp:3)
  A deep elf mage (Elf:3)
  4 bloated husks
  A vampire mosquito (Swamp:3)
  A gnoll (D:5)
  An adder (D:5)
  An orc (D:5)
  A giant cockroach (D:5)
  A jackal (D:5)
  A quokka (D:5)
  35 bushes (Depths:4)
  42 fungi
  2 lurking horrors (Swamp:3)
  220 plants
  5 starspawn tentacles (Abyss:4)
  4 withered plants (D:15)
327 creatures vanquished.

Grand Total: 2698 creatures vanquished

Notes
Turn   | Place    | Note
-------+----------+-------------------------------------------
     0 | D:1      | jasper the Palentonga Berserker began the quest for the
                  | Orb.
     0 | D:1      | Reached XP level 1. HP: 20/20 MP: 1/1
   206 | D:1      | Reached XP level 2. HP: 27/27 MP: 2/2
   342 | D:1      | Reached skill level 4 in Axes
   480 | D:1      | Reached ** piety under Trog
   481 | D:1      | Reached XP level 3. HP: 30/33 MP: 1/3
  1644 | D:2      | Found a sparkling altar of Nemelex Xobeh.
  2085 | D:3      | Noticed an ogre
  2109 | D:2      | Reached skill level 5 in Axes
  2109 | D:2      | Reached XP level 4. HP: 39/40 MP: 2/4
  2291 | D:3      | Found an iron altar of Okawaru.
  2447 | D:4      | Reached XP level 5. HP: 47/48 MP: 3/5
  2504 | D:4      | Noticed Edmund
  2518 | D:4      | Killed Edmund
  2519 | D:4      | Reached skill level 6 in Axes
  2524 | D:4      | Noticed Pikel
  2611 | D:4      | Noticed Natasha
  2616 | D:4      | Killed Natasha
  2617 | D:4      | Reached XP level 6. HP: 45/54 MP: 4/6
  2625 | D:4      | Noticed Natasha
  2634 | D:4      | Killed Natasha
  2635 | D:4      | Reached skill level 7 in Axes
  2644 | D:5      | Entered Level 5 of the Dungeon
  2687 | D:5      | Found a sand-covered staircase.
  2692 | Ossuary  | Entered an ossuary
  2717 | Ossuary  | Reached *** piety under Trog
  2951 | Ossuary  | Reached skill level 8 in Axes
  2951 | Ossuary  | Gained mutation: You curl defensively after being hit.
                  | [Palentonga growth]
  2951 | Ossuary  | Reached XP level 7. HP: 34/60 MP: 3/7
  3177 | D:5      | Got a glittering crystal amulet
  3188 | D:5      | Identified the amulet of Lesser Demons {Reflect MP+9 Str+4
                  | Int-5 SH+5 Stlth+} (You found it on level 5 of the Dungeon)
  3387 | D:5      | Found a shimmering altar of Xom.
  3447 | D:5      | Found a hide-covered altar of Uskayaw.
  3524 | D:5      | Reached skill level 9 in Axes
  4132 | D:6      | Noticed Sigmund
  4147 | D:5      | Reached **** piety under Trog
  4403 | D:6      | Found a staircase to the Ecumenical Temple.
  4458 | D:6      | Reached XP level 8. HP: 67/67 MP: 8/8
  4464 | D:6      | Reached skill level 10 in Axes
  4519 | D:6      | Killed Sigmund
  4580 | D:6      | Found a shimmering blue altar of Sif Muna.
  4706 | D:6      | Reached skill level 11 in Axes
  4931 | D:6      | Noticed Eustachio
  4951 | D:6      | Killed Eustachio
  5128 | D:6      | Found a sacrificial altar of Ru.
  5603 | D:7      | Found a transporter.
  5615 | D:7      | Found a transporter.
  5770 | D:7      | Noticed Frask's ghost (novice MiMo)
  5771 | D:7      | Noticed Duvessa
  5773 | D:7      | Noticed Dowan
  5777 | D:7      | Killed Duvessa
  5778 | D:7      | Reached XP level 9. HP: 69/73 MP: 9/9
  5787 | D:7      | Reached skill level 12 in Axes
  5794 | D:7      | Killed Dowan
  6599 | D:8      | Reached skill level 1 in Evocations
  6766 | D:8      | Got an iridescent war axe
  6767 | D:8      | Identified the cursed +1 war axe of Tohaffy {freeze, rF+
                  | rN++ Str-4 Stlth+} (You found it on level 8 of the Dungeon)
  6904 | D:8      | Reached ***** piety under Trog
  7131 | D:8      | Received a gift from Trog
  7521 | D:9      | Noticed a manticore
  7529 | D:9      | Killed a manticore
  7732 | D:9      | Reached XP level 10. HP: 63/85 MP: 10/10
  7830 | D:9      | Reached skill level 5 in Fighting
  8008 | D:9      | Reached skill level 13 in Axes
  8227 | D:9      | Noticed a two-headed ogre
  8233 | D:9      | Killed a two-headed ogre
  8361 | D:9      | Noticed a two-headed ogre
  8368 | D:9      | Killed a two-headed ogre
  8967 | D:9      | Found a staircase to the Lair.
  9228 | D:4      | Reached skill level 5 in Evocations
  9316 | D:4      | Found a runed translucent gate.
  9316 | D:4      | Found a runed translucent gate.
  9316 | D:4      | Found a runed translucent gate.
  9316 | D:4      | Noticed hehateme's ghost (amateur GrEE)
  9316 | D:4      | Noticed Snicker's ghost (weakling DsDe)
  9317 | D:4      | Noticed Snicker's ghost (weakling DsDe)
  9339 | D:4      | Killed Pikel
  9340 | D:4      | Reached skill level 5 in Armour
  9377 | D:4      | Killed hehateme's ghost
  9379 | D:4      | Killed Snicker's ghost
  9380 | D:4      | Reached XP level 11. HP: 97/97 MP: 11/11
  9382 | D:4      | Killed Snicker's ghost
  9679 | D:4      | Noticed Natasha
  9684 | D:4      | Killed Natasha
  9693 | D:4      | Noticed Grinder
  9702 | D:4      | Paralysed by Grinder for 3 turns
  9710 | D:4      | Killed Grinder
 10765 | Temple   | Entered the Ecumenical Temple
 10844 | D:10     | Entered Level 10 of the Dungeon
 11120 | D:10     | Found a staircase to the Orcish Mines.
 11379 | D:10     | Noticed a two-headed ogre
 11388 | D:10     | Killed a two-headed ogre
 11988 | Orc:1    | Entered Level 1 of the Orcish Mines
 11988 | Orc:1    | Noticed a stone giant
 11988 | Orc:1    | Noticed an orc high priest
 12451 | D:11     | Noticed a seven-headed hydra
 12457 | D:11     | Killed a seven-headed hydra
 12503 | D:11     | Noticed an unseen horror
 12508 | D:11     | Killed an unseen horror
 12864 | D:11     | Noticed a white ugly thing
 12869 | D:11     | Killed a white ugly thing
 12870 | D:11     | Reached skill level 14 in Axes
 13352 | Lair:1   | Entered Level 1 of the Lair of Beasts
 13814 | Lair:1   | Reached XP level 12. HP: 110/110 MP: 12/12
 15295 | Lair:2   | Received a gift from Trog
 15846 | Lair:2   | Found a bloodstained altar of Trog.
 16100 | Lair:2   | Found a staircase to the Swamp.
 16185 | Lair:2   | You fall into a shaft and drop 1 floor!
 16442 | Lair:3   | Noticed a death yak
 16443 | Lair:3   | Noticed a death yak
 16444 | Lair:3   | Noticed a death yak
 16447 | Lair:3   | Noticed a death yak
 16464 | Lair:3   | Killed a death yak
 16471 | Lair:3   | Noticed a death yak
 16473 | Lair:3   | Killed a death yak
 16488 | Lair:3   | Killed a death yak
 16501 | Lair:3   | Killed a death yak
 16507 | Lair:3   | Killed a death yak
 16869 | Lair:3   | Reached XP level 13. HP: 120/120 MP: 13/13
 17117 | Lair:3   | Reached skill level 15 in Axes
 17125 | Lair:3   | Reached skill level 10 in Fighting
 17382 | Lair:3   | Got a shimmering platinum amulet
 17393 | Lair:3   | Identified the amulet of the Hero {RegenMP rC+ Dex+2
                  | Slay-2} (You found it on level 3 of the Lair of Beasts)
 17510 | Lair:3   | Got a crude turquoise ring
 17512 | Lair:3   | Identified the ring "Ereosoyx" {rPois rC+ MP+9 Str-2 Int+4}
                  | (You found it on level 3 of the Lair of Beasts)
 18575 | Lair:4   | Received a gift from Trog
 19659 | Lair:4   | Noticed Nessos
 19673 | Lair:3   | HP: 6/121 [poisoned by Nessos]
 20054 | D:10     | Killed a stone giant
 20137 | Orc:1    | Found a shimmering altar of Xom.
 21115 | Orc:1    | Found a roughly hewn altar of Beogh.
 21447 | Orc:1    | Found Uvetomu's Book Shoppe.
 21626 | Orc:2    | Entered Level 2 of the Orcish Mines
 22766 | Orc:2    | Found a staircase to the Elven Halls.
 23107 | Orc:2    | Received a gift from Trog
 23108 | Orc:2    | Reached skill level 16 in Axes
 23643 | Orc:2    | Found Wyofigu's Gadget Boutique.
 23650 | Orc:2    | Bought a condenser vane for 400 gold pieces
 23650 | Orc:2    | Bought a box of beasts for 400 gold pieces
 23650 | Orc:2    | Bought a phantom mirror for 400 gold pieces
 23663 | Orc:2    | Found an ancient bone altar of Kikubaaqudgha.
 23780 | Orc:2    | Found a radiant altar of Vehumet.
 23785 | Orc:2    | Reached XP level 14. HP: 123/125 MP: 7/14
 23803 | Orc:2    | Found Rolyeb's Distillery.
 23811 | Orc:2    | Bought a potion of flight for 33 gold pieces
 23811 | Orc:2    | Bought a potion of resistance for 110 gold pieces
 23811 | Orc:2    | Bought a potion of lignification for 33 gold pieces
 23811 | Orc:2    | Bought a potion of resistance for 110 gold pieces
 23811 | Orc:2    | Bought a potion of curing for 33 gold pieces
 23811 | Orc:2    | Bought a potion of might for 44 gold pieces
 23811 | Orc:2    | Bought 2 potions of curing for 66 gold pieces
 23839 | Orc:2    | Found a roughly hewn altar of Beogh.
 23839 | Orc:2    | Found Baattev's Antique Weapon Boutique.
 23898 | Orc:2    | Bought a glowing battleaxe for 266 gold pieces
 24008 | Orc:2    | Found Ocriur's Antique Armour Shop.
 24419 | Lair:4   | Found a hole to the Spider Nest.
 24748 | Lair:4   | Killed Nessos
 25246 | Lair:5   | Reached skill level 10 in Evocations
 25962 | Lair:6   | Entered Level 6 of the Lair of Beasts
 27212 | Lair:6   | Reached skill level 17 in Axes
 27245 | Lair:6   | Found a viscous altar of Jiyva.
 27245 | Lair:6   | Found a staircase to the Slime Pits.
 27804 | Lair:6   | Reached skill level 10 in Armour
 28428 | Lair:6   | Reached ****** piety under Trog
 28428 | Lair:6   | Received a gift from Trog
 28889 | D:12     | Found a flagged portal.
 28900 | Bailey   | Entered a bailey
 29069 | Bailey   | Identified a scroll of acquirement
 29069 | Bailey   | Acquired the +10 Black Knight's barding {ponderous, rPois
                  | rN+}
 29070 | Bailey   | Found the +10 Black Knight's barding {ponderous, rPois rN+}
 29909 | D:12     | Reached XP level 15. HP: 109/141 MP: 15/15
 30073 | D:12     | Found a blossoming altar of Fedhas.
 30198 | D:12     | Found a runed translucent door.
 30807 | D:13     | Noticed Snorg
 30828 | D:13     | Killed Snorg
 31146 | D:13     | Found a gate to the Vaults.
 31155 | D:13     | Reached skill level 18 in Axes
 31477 | D:13     | Received a gift from Trog
 31488 | D:13     | Got a crystal battleaxe {god gift}
 31489 | D:13     | Identified the +3 battleaxe "Qioraonk" {vorpal, rF+ rN+
                  | Int+2 Stlth-} (Trog gifted it to you on level 13 of the
                  | Dungeon)
 31593 | D:13     | Found a transporter.
 31593 | D:13     | Identified the +10 great mace "Ogre's Nightmare" {freeze,
                  | Str+4}
 31593 | D:13     | Noticed a frost giant
 31593 | D:13     | Noticed Cuqelav's ghost (journeyman GrEE)
 31599 | D:13     | Found a transporter.
 31824 | D:13     | Noticed Erolcha
 31834 | D:13     | Killed Erolcha
 31955 | D:13     | Noticed Urug
 31969 | D:13     | Killed Urug
 32875 | D:14     | Found a sacrificial altar of Ru.
 33569 | D:14     | Got a shimmering silver ring
 33570 | D:14     | Identified the ring "Uttan" {rN+ MP+9} (You found it on
                  | level 14 of the Dungeon)
 33723 | D:15     | Entered Level 15 of the Dungeon
 34230 | D:15     | Found a staircase to the Depths.
 34247 | D:15     | Reached skill level 19 in Axes
 35145 | Spider:1 | Entered Level 1 of the Spider Nest
 35253 | Spider:1 | Noticed a ghost moth
 35259 | Spider:1 | Killed a ghost moth
 35259 | Spider:1 | Received a gift from Trog
 35501 | Spider:1 | Noticed Aizul
 35523 | Spider:1 | Killed Aizul
 35524 | Spider:1 | Reached XP level 16. HP: 145/150 MP: 8/16
 36280 | Spider:1 | You fall into a shaft and drop 1 floor!
 37654 | Spider:2 | Reached skill level 20 in Axes
 37751 | Spider:2 | Received a gift from Trog
 38729 | Spider:2 | Identified the +2 scale mail of the Realm of Zot {rPois
                  | rC+++ Str-2 Slay+2} (You found it on level 2 of the Spider
                  | Nest)
 39674 | Spider:3 | Noticed Louise
 39682 | Spider:3 | Killed Louise
 40159 | Spider:3 | Received a gift from Trog
 40674 | Spider:3 | Noticed Nikola
 40695 | Spider:3 | Killed Nikola
 41021 | Spider:4 | Entered Level 4 of the Spider Nest
 41243 | Spider:4 | Reached XP level 17. HP: 99/162 MP: 17/17
 42935 | Spider:4 | Reached skill level 5 in Dodging
 43511 | Spider:4 | Got a gossamer rune of Zot
 43830 | Elf:1    | Entered Level 1 of the Elven Halls
 44017 | Elf:1    | Reached skill level 15 in Fighting
 44286 | Elf:1    | Received a gift from Trog
 44309 | Elf:1    | Noticed a Brimstone Fiend
 45261 | Elf:1    | Noticed Asterion
 45272 | Elf:1    | Killed Asterion
 45761 | Elf:2    | Identified the +6 broad axe "Veesydd" {holy, +Rage rF+}
                  | (You found it on level 2 of the Elven Halls)
 45959 | Elf:2    | Found a runed translucent gate.
 45959 | Elf:2    | Found a runed translucent gate.
 45960 | Elf:2    | Found a runed translucent gate.
 46357 | Elf:2    | Received a gift from Trog
 46687 | Elf:2    | Reached XP level 18. HP: 141/177 MP: 18/18
 47299 | Elf:3    | Entered Level 3 of the Elven Halls
 47391 | Elf:3    | Found a radiant altar of Vehumet.
 48223 | Elf:3    | Received a gift from Trog
 48242 | Elf:3    | Got a smoking executioner's axe {god gift}
 48243 | Elf:3    | Identified the +5 executioner's axe "Cejaofad" {vorpal, rC-
                  | Str+2 Int+3 Stlth+} (Trog gifted it to you on level 3 of
                  | the Elven Halls)
 48553 | Elf:3    | Noticed a Brimstone Fiend
 49117 | Elf:3    | Identified the ring of Buczuit {+Fly rF+ rC+ Int+3}
 49137 | Elf:3    | Received a gift from Trog
 49593 | Elf:3    | Cast into level 4 of the Abyss (a deep elf sorcerer)
 49593 | Abyss:4  | Found a corrupted altar of Lugonu.
 49884 | Abyss:5  | Entered Level 5 of the Abyss
 49890 | Abyss:5  | Noticed a lich
 49896 | Abyss:5  | Noticed a lich
 49896 | Abyss:5  | Killed a lich
 49898 | Abyss:5  | Noticed a lich
 49900 | Abyss:5  | Noticed a lich
 49901 | Abyss:5  | Killed a lich
 49902 | Abyss:5  | Noticed a lich
 49902 | Abyss:5  | Noticed a lich
 49904 | Abyss:5  | Killed a lich
 49906 | Abyss:5  | Killed a lich
 49909 | Abyss:5  | Killed a lich
 49910 | Abyss:5  | Reached XP level 19. HP: 58/189 MP: 14/19
 49910 | Abyss:5  | Killed a lich
 49933 | Abyss:5  | Got an abyssal rune of Zot
 49933 | Abyss:5  | HP: 8/189 [raiju/living lightning (10)]
 49948 | Elf:3    | Escaped the Abyss
 50777 | Elf:3    | Received a gift from Trog
 51389 | Elf:3    | Found the +3 giant club "Skullcrusher" {speed, Str+7}
 51727 | Swamp:1  | Entered Level 1 of the Swamp
 51976 | Orc:2    | Bought a pair of scorched gloves for 266 gold pieces
 51976 | Orc:2    | Bought a pair of steaming gloves for 266 gold pieces
 51991 | Orc:2    | Identified the cursed +0 pair of gloves of Xaynno {Int+3}
                  | (You bought it in a shop on level 2 of the Orcish Mines)
 52002 | Orc:2    | Identified the +5 pair of gloves of Insecurity {rPois} (You
                  | bought it in a shop on level 2 of the Orcish Mines)
 52310 | Swamp:1  | Noticed Kirke
 52324 | Swamp:1  | Killed Kirke
 52661 | Swamp:1  | Acquired a manual of Dodging
 52663 | Swamp:1  | Acquired the ring of the Tortoise {AC+8}
 52664 | Swamp:1  | Found the ring of the Tortoise {AC+8}
 53918 | Swamp:3  | Received a gift from Trog
 54359 | Swamp:3  | Found a corrupted altar of Lugonu.
 54359 | Swamp:3  | Found a one-way gate to the infinite horrors of the Abyss.
 54664 | Swamp:4  | Entered Level 4 of the Swamp
 55351 | Swamp:4  | Got a decaying rune of Zot
 55679 | Vaults:1 | Entered Level 1 of the Vaults
 55784 | Vaults:1 | Noticed a Tzitzimitl
 55785 | Vaults:1 | Received a gift from Trog
 55786 | Vaults:1 | Reached skill level 10 in Dodging
 55787 | Vaults:1 | Reached XP level 20. HP: 137/202 MP: 13/20
 56398 | Vaults:1 | Noticed Saint Roka
 56415 | Vaults:1 | Killed Saint Roka
 57272 | Vaults:1 | Received a gift from Trog
 58785 | Vaults:2 | Found Dutot's Assorted Antiques.
 58830 | Vaults:2 | Bought a potion of curing for 87 gold pieces
 58830 | Vaults:2 | Bought a potion of curing for 87 gold pieces
 58830 | Vaults:2 | Bought a scroll of enchant weapon for 217 gold pieces
 58830 | Vaults:2 | Bought a scroll of immolation for 101 gold pieces
 58963 | Vaults:2 | Found a large runed translucent door.
 58963 | Vaults:2 | Found a large runed translucent door.
 59112 | Vaults:2 | Received a gift from Trog
 59485 | Vaults:2 | Found a staircase to the Crypt.
 59611 | Vaults:2 | Paralysed by a lich for 3 turns
 59908 | Vaults:2 | Noticed AgonHex's ghost (veteran HOFi)
 60039 | Vaults:3 | Reached XP level 21. HP: 177/214 MP: 17/21
 60158 | Vaults:3 | Noticed Mennas
 60187 | Vaults:3 | Killed Mennas
 60786 | Vaults:3 | Received a gift from Trog
 61070 | Vaults:3 | Noticed Margery
 61109 | Vaults:3 | Killed Margery
 61110 | Vaults:3 | Reached skill level 15 in Armour
 61110 | Vaults:3 | Reached skill level 15 in Evocations
 61674 | Vaults:3 | Noticed Jory
 61691 | Vaults:3 | Killed Jory
 62058 | Vaults:3 | You fall into a shaft and drop 1 floor!
 62315 | Vaults:4 | Received a gift from Trog
 62455 | Vaults:4 | Reached skill level 21 in Axes
 63520 | Vaults:4 | Reached XP level 22. HP: 215/223 MP: 22/22
 63671 | Vaults:4 | Reached skill level 22 in Axes
 64134 | Vaults:5 | Entered Level 5 of the Vaults
 64138 | Vaults:5 | Received a gift from Trog
 64142 | Vaults:5 | Noticed a golden dragon
 64297 | Vaults:5 | Noticed a golden dragon
 64338 | Vaults:5 | Killed a golden dragon
 64360 | Vaults:5 | Killed a golden dragon
 64361 | Vaults:5 | Reached skill level 23 in Axes
 64435 | Vaults:5 | Noticed a golden dragon
 64443 | Vaults:5 | Killed a golden dragon
 64463 | Vaults:5 | Received a gift from Trog
 65100 | Vaults:5 | Reached skill level 24 in Axes
 65135 | Vaults:5 | Reached XP level 23. HP: 124/230 MP: 14/23
 65330 | Vaults:5 | Received a gift from Trog
 65333 | Vaults:5 | HP: 1/230 [titan/bolt of lightning (33)]
 66034 | Vaults:5 | Got a silver rune of Zot
 67107 | Depths:1 | Entered Level 1 of the Depths
 67113 | Depths:1 | Reached skill level 25 in Axes
 67271 | Depths:1 | Received a gift from Trog
 67488 | Depths:1 | Identified the +13 battleaxe of Maejexut {vorpal, Will+
                  | Int+3 Stlth+} (Trog gifted it to you on level 1 of the
                  | Depths)
 67834 | Depths:1 | Found a one-way gate leading to the halls of Pandemonium.
 67981 | Depths:1 | You fall into a shaft and drop 1 floor!
 68096 | Depths:2 | Found a gateway to Hell.
 68121 | Depths:2 | Reached skill level 26 in Axes
 68128 | Depths:2 | Found a magical portal.
 68148 | WizLab   | Entered Iskenderun's Mystic Tower
 68568 | WizLab   | Received a gift from Trog
 69311 | WizLab   | Reached XP level 24. HP: 102/239 MP: 11/23
 69835 | WizLab   | Identified the Handbook of Entrancing Confrontation
 69866 | WizLab   | Identified Iskenderun's Compendium of Arcane Weapons
 69866 | WizLab   | Identified Iskenderun's Collected Works on Attacks
 70909 | Depths:1 | Reached skill level 27 in Axes
 71229 | Depths:1 | Found the +8 trident of the Octopus King {venom, rElec
                  | rPois Will+}
 71290 | Depths:1 | Found Toamofoj's Serpentskin Sales.
 71296 | Depths:1 | Received a gift from Trog
 71708 | Depths:2 | Paralysed by a floating eye for 2 turns
 71719 | Depths:2 | Found Otuxi's Assorted Antiques.
 71722 | Depths:2 | Bought 3 scrolls of enchant armour for 1057 gold pieces
 71722 | Depths:2 | Bought a potion of haste for 470 gold pieces
 73064 | Depths:3 | Noticed a juggernaut
 73071 | Depths:3 | Killed a juggernaut
 73082 | Depths:3 | Received a gift from Trog
 73916 | Depths:3 | Found a glowing golden altar of the Shining One.
 73997 | Depths:3 | Found a transporter.
 73997 | Depths:3 | Noticed Suceck's ghost (adept DsAK)
 73998 | Depths:3 | Found a transporter.
 74003 | Depths:3 | Noticed an ancient lich
 74570 | Depths:4 | Noticed Sojobo
 74581 | Depths:4 | Reached XP level 25. HP: 181/250 MP: 18/23
 74595 | Depths:3 | Killed Sojobo
 74896 | Depths:4 | Found a gateway to a ziggurat.
 74902 | Depths:4 | Received a gift from Trog
 75299 | Depths:4 | Identified the cursed +1 shortbow of Qakk {freeze, Dex+5}
 76756 | Depths:5 | Entered Level 5 of the Depths
 76766 | Depths:5 | Received a gift from Trog
 76923 | Depths:5 | Noticed Frederick
 76933 | Depths:5 | Killed Frederick
 77310 | Depths:5 | Found a gate to the Realm of Zot.
 78604 | Depths:5 | Received a gift from Trog
 79657 | Zot:1    | Entered Level 1 of the Realm of Zot
 79901 | Zot:1    | Reached XP level 26. HP: 264/264 MP: 23/23
 81123 | Zot:2    | You fall into a shaft and drop 2 floors!
 81137 | Zot:5    | Entered Level 5 of the Realm of Zot
 81184 | Zot:5    | Received a gift from Trog
 81229 | Zot:5    | Found a burning altar of Makhleb.
 81296 | Zot:5    | Noticed an ancient lich
 81301 | Zot:5    | Killed an ancient lich
 81319 | Zot:5    | Noticed an orb of fire
 81319 | Zot:5    | Gained mutation: You tend to lose your temper in combat.
                  | [an orb of fire]
 81320 | Zot:5    | Noticed an orb of fire
 81321 | Zot:5    | Gained mutation: You are dopey. (Int -2) [an orb of fire]
 81324 | Zot:5    | Gained mutation: You are weak. (Str -2) [an orb of fire]
 81325 | Zot:5    | Noticed an orb of fire
 81325 | Zot:5    | Noticed an ancient lich
 81326 | Zot:5    | Noticed an orb of fire
 81326 | Zot:5    | Noticed an orb of fire
 81330 | Zot:5    | Noticed an ancient lich
 81342 | Zot:5    | Noticed an orb of fire
 81343 | Zot:5    | Noticed an orb of fire
 81345 | Zot:5    | Noticed an orb of fire
 81345 | Zot:5    | Noticed an orb of fire
 81350 | Zot:5    | HP: 12/267 [Killer Klown/klown pie (13)]
 81351 | Zot:5    | Noticed an ancient lich
 81351 | Zot:5    | Killed from afar by an orb of fire

Illustrated notes

Levels and vault maps discovered:
D:1:      nzn_arrival_depleted_hourglass, layout_basic,
          chequers_serial_rivers_room_b, minmay_stone_trees_medium,
          lexackson_kobold_supper
D:2:      layout_basic, nemelex_altar_shiori
D:3:      layout_basic, okawaru_gym_becter
D:4:      layout_gridville, gammafunk_ghost_cemetery, uniq_natasha,
          uniq_grinder, uniq_pikel, uniq_edmund
D:5:      layout_gridville, nicolae_overflow_crystal_walls, enter_ossuary_2,
          chequers_mini_garden, kennysheep_cluttered_room, xom_confusion_cloud
D:6:      layout_gridville, nicolae_overflow_hidden_temple,
          minmay_temple_entry_waves, led_sif_pool, uniq_sigmund, uniq_eustachio
D:7:      layout_gridville, gammafunk_ghost_mausoleum, uniq_duvessa
D:8:      minmay_general_purpose_star, layout_basic, kennysheep_crisscross
D:9:      layout_loops_cross, grunt_lair_entry_orc_guard_hut
D:10:     layout_basic, orc_0_dummy, serial_ice, serial_ice_m, serial_ice_l,
          serial_ice_o, serial_ice_e
D:11:     layout_basic
D:12:     minmay_the_grid_triangle_9x9_recursive_3_mashed
          [minmay_the_grid_triangle_9x9_wacky_v,
          minmay_the_grid_triangle_9x9_sparse_checkered,
          minmay_the_grid_triangle_9x9_swiss_cheese,
          minmay_the_grid_triangle_9x9_prize_center,
          minmay_the_grid_triangle_9x9_cache,
          minmay_the_grid_triangle_9x9_odd_lines,
          minmay_the_grid_triangle_9x9_shrine,
          minmay_the_grid_triangle_9x9_semitri,
          minmay_the_grid_triangle_9x9_subtriangle], layout_grid_maze,
          enter_bailey_3
D:13:     layout_stronghold, grunt_vaults_entry_fortified,
          gammafunk_ghost_smash, uniq_urug, uniq_erolcha, uniq_snorg
D:14:     layout_loops_ring, hangedman_ru_absence,
          chequers_serial_rivers_micro_c, chequers_garden, minmay_three_doors
D:15:     gammafunk_depths_entry_grave, layout_rooms, gauntlet_entry_generic
Temple:   dpeg_five_rooms_temple
Lair:1:   layout_gridlike, minmay_stone_trees_small
Lair:2:   layout_cave_pods, nicolae_swamp_entry_splash_gauntlet,
          lemuel_oklob_altar
Lair:3:   layout_cave_pods, special_room [special_room_bee],
          serial_bayou_shore_a, grunt_megastairs_1
Lair:4:   layout_long_grid, spider_nest_entry_funnel_web, lemuel_fruit_tree,
          uniq_nessos
Lair:5:   layout_gridlike, serial_bayou_pond_e
Lair:6:   minmay_lair_end_frog_pond, layout_regular_city,
          dpeg_slime_entry_enclosed_altar, serial_bayou_pond_d,
          gammafunk_lair_bear_cave
Swamp:1:  layout_basic_swamp, evilmike_swamp_ruin_house_1, uniq_kirke
Swamp:2:  layout_basic_swamp, evilmike_swamp_ruin_house_6
Swamp:3:  layout_basic_swamp, evilmike_swamp_ruin_house_4,
          amcnicky_altar_lugonu_corruption
Swamp:4:  swamp_vile, layout_basic_swamp, infiniplex_staircase_pool
Spider:1: layout_chambers, hive_lemuel, uniq_aizul
Spider:2: layout_spider_delve
Spider:3: layout_chambers, uniq_nikola, uniq_louise
Spider:4: spider_rune_water
Orc:1:    layout_diamond_mine, basic_altar, serial_shops, nicolae_shop_crystal,
          minmay_orc_temple_c
Orc:2:    kennysheep_orc_mage_school, layout_caves
Elf:1:    minmay_elf_arrival_plus, layout_gridlike, hangedman_elf_represent,
          hex_large, nicolae_elf_glass_and_crystal_pillar_1, uniq_asterion
Elf:2:    layout_geoelf_octagon
Elf:3:    minmay_elf_hall_hex, layout_geoelf_octagon, basic_altar,
          item_on_display_a
Vaults:1: v_misc_19, vaults_room_hallway, hangedman_vaults_cutoff, v_pattern_5,
          nicolae_vaults_bisected_slash, vaults_room_ringed_pool,
          ontoclasm_vaults_pinch, grunt_vaults_hallway_short,
          hangedman_vaults_nails, v_rooms_4, layout_vaults_quadrants,
          uniq_saint_roka
Vaults:2: ebering_vaults_ghost_disaster_area, ontoclasm_vaults_gateway,
          v_alt_pattern_6, minmay_crypt_entry_vampire_xt,
          vaults_room_grunt_arrival_checkpoint, vaults_mumra_hexcomb,
          vaults_room_grid, v_misc_13, v_misc_23, ontoclasm_vaults_tryst,
          ontoclasm_vaults_ring_square, nicolae_vaults_circle_grid_b,
          nicolae_vaults_shelves_hall, layout_vaults_ring, serial_shops, shop
Vaults:3: st_greater_box_4, nicolae_vaults_theta, ontoclasm_vaults_chip,
          nicolae_vaults_puzzle_piece, vaults_dpeg_diagonal, v_misc_5,
          ontoclasm_vaults_hangar, nicolae_vaults_hallways_thing,
          ontoclasm_vaults_decontamination, v_misc_31, layout_vaults_maze,
          uniq_mennas, uniq_margery, uniq_jory
Vaults:4: nicolae_vaults_little_squares_2, v_alt_pattern_4, vaults_room_octagon,
          vaults_standard_mumra_enter_the_diamond, v_misc_8,
          ontoclasm_vaults_chip, ontoclasm_vaults_chip,
          layout_vaults_chaotic_city
Vaults:5: serial_shops
Depths:1: layout_gridville, pan_entry, nicolae_sextant, hellmouth_2,
          minmay_misc_feat_hallway, kennysheep_small_spiral, grunt_ministairs_3,
          guppyfry_shop_venom
Depths:2: angbandy_vault, layout_cave_pools, pf_hell_entry_tar_river,
          infiniplex_enter_wizlab_glasses, serial_shops, kennysheep_mini_moat,
          kennysheep_cross_room, serial_bayou_pond_e
Depths:3: abrahamwl_protected_by_tso_2, layout_cave_pools,
          gammafunk_ghost_arena, grunt_hell_entry_dis_mu,
          rand_demon_pan_entry_4, serial_bayou_pond_e
Depths:4: minmay_spriggan_fort, layout_cave_shapes, enter_ziggurat_b,
          serial_bayou_ford_a, abyss_entry_crystal, serial_glass,
          glass_columns_a, glass_columns_a, pf_hell_entry_great_geh, uniq_sojobo
Depths:5: evilmike_zot_entry_round, layout_gridlike, rand_demon_pan_entry_8,
          grunt_decor_one_mirror, serial_glass, glass_columns_b,
          glass_columns_b, glass_columns_a, glass_columns_a, hell_entry,
          chequers_serial_rivers_micro_c, minmay_misc_feat_pillars,
          minmay_misc_feat_iff, uniq_frederick
Zot:1:    layout_misc_corridors, grunt_megastairs_5
Zot:2:    layout_gridlike
Zot:4:    hangedman_zot_vaults_quadrants, layout_onion_interference, drop_trap,
          nicolae_lava_and_water
Zot:5:    layout_onion, basic_altar

Skill      XL: |  1  2  3  4  5  6  7  8  9 10 11 12 13 14 15 16 17 18 19 20 21 22 23 24 25 26 |
---------------+-------------------------------------------------------------------------------+-----
Axes           | 4 5 6 8 9 11 12 13 14 16 17 19 20 21 24 26 27 | 27.0
Armour         | 3 5 6 8 9 10 11 12 13 14 15 16 | 16.7
Evocations     | 3 5 7 8 9 10 11 12 13 14 15 16 17 | 17.0
Fighting       | 4 6 8 9 10 12 14 15 17 18 19 20 22 23 | 23.0
Dodging        | 4 6 7 10 11 13 14 | 14.3

Action                   |  1- 3 |  4- 6 |  7- 9 | 10-12 | 13-15 | 16-18 | 19-21 | 22-24 | 25-27 || total
-------------------------+-------+-------+-------+-------+-------+-------+-------+-------+-------++-------
Melee: Hand axe          |   116 |    32 |       |       |       |       |       |       |       ||   148
       Tailslap          |     6 |    17 |    40 |   113 |   198 |   164 |   224 |   222 |   152 ||  1136
       Dire flail        |       |    75 |   232 |   631 |   488 |       |       |       |       ||  1426
       War axe           |       |       |    46 |       |       |       |       |       |       ||    46
       Executioner's axe |       |       |       |       |    89 |    21 |   108 |   966 |   751 ||  1935
       Battleaxe         |       |       |       |       |   788 |  1024 |  1086 |   120 |       ||  3018
Throw: Stone             |    14 |    10 |     2 |     3 |     5 |       |       |       |       ||    34
Invok: Berserk           |     2 |     2 |     8 |    11 |    11 |     4 |     1 |       |     2 ||    41
       Trog's Hand       |       |       |     2 |     5 |    13 |    11 |     8 |    12 |     6 ||    57
       Brothers in Arms  |       |       |       |     1 |       |     2 |     2 |       |       ||     5
 Abil: Rolling Charge    |    23 |     4 |     8 |     8 |    11 |       |       |     2 |     1 ||    57
Evoke: Wand              |       |       |       |    11 |    14 |    29 |     1 |     2 |     3 ||    60
       Lightning rod     |       |       |       |       |     4 |       |     4 |     8 |       ||    16
       Phial of floods   |       |       |       |       |     2 |       |     1 |       |       ||     3
       Condenser vane    |       |       |       |       |     2 |     9 |     7 |     7 |     2 ||    27
       Box of beasts     |       |       |       |       |     1 |     1 |       |       |       ||     2
       Tin of tremorston |       |       |       |       |       |     8 |    10 |     8 |     2 ||    28
  Use: Potion            |       |     1 |       |       |     5 |     3 |     7 |     1 |     2 ||    19
       Scroll            |       |       |     8 |    14 |    15 |    14 |    10 |    34 |    12 ||   107
 Stab: Invisible         |       |     3 |       |       |       |       |       |       |       ||     3
       Paralysed         |       |       |       |     1 |       |       |       |       |       ||     1
       Held in net/web   |       |       |       |       |       |     1 |       |       |       ||     1
       Distracted        |       |       |       |       |       |       |       |     1 |       ||     1
Armor: Animal skin       |    27 |       |       |       |       |       |       |       |       ||    27
       Scale mail        |     8 |    29 |    90 |       |       |       |       |       |       ||   127
       Ring mail         |     2 |       |       |       |       |       |       |       |       ||     2
       Plate armour      |       |       |    12 |   275 |   983 |  1414 |    65 |       |       ||  2749
       Pearl dragon scal |       |       |       |       |       |       |  1126 |   134 |       ||  1260
       Gold dragon scale |       |       |       |       |       |       |       |  1003 |   841 ||  1844
Dodge: Dodged            |    38 |    30 |    81 |   213 |   514 |   295 |   628 |   281 |   272 ||  2352
Block: Other             |       |       |    67 |   138 |     5 |       |       |       |       ||   210
       Reflection        |       |       |     2 |     5 |       |       |       |       |       ||     7

Table legend: (Time is in decaauts)
 A = Elapsed time spent in this place.
 B = Non-inter-level travel time spent in this place.
 C = Inter-level travel time spent in this place.
 D = Time resting spent in this place.
 E = Time spent auto-exploring this place.
 F = Levels seen in this place.
 G = Mean time per level.
                   A        B        C        D        E       F      G
               +--------+--------+--------+--------+--------+-----+--------+
         Total |  82820 |  77665 |   5155 |  12910 |  51978 |  54 | 1533.7 |
       Dungeon |  20719 |  18859 |   1860 |   2802 |  13266 |  15 | 1381.3 |
        Temple |      1 |      1 |      0 |      0 |      0 |   1 |    1.0 |
          Lair |  11327 |  10290 |   1037 |   1524 |   7272 |   6 | 1887.8 |
         Swamp |   3592 |   3324 |    268 |    246 |   2498 |   4 |  898.0 |
   Spider Nest |   8700 |   8467 |    233 |   1080 |   6307 |   4 | 2175.0 |
  Orcish Mines |   4183 |   3691 |    492 |   1236 |   1732 |   2 | 2091.5 |
   Elven Halls |   7482 |   7055 |    427 |   1515 |   4403 |   3 | 2494.0 |
        Vaults |  11544 |  11213 |    331 |   1099 |   8143 |   5 | 2308.8 |
        Depths |  11143 |  10695 |    448 |   2064 |   6819 |   5 | 2228.6 |
           Zot |   1152 |   1096 |     56 |     24 |    659 |   4 |  288.0 |
         Abyss |    355 |    355 |      0 |     57 |     90 |   2 |  177.5 |
       Ossuary |    470 |    470 |      0 |      9 |    345 |   1 |  470.0 |
        Bailey |    406 |    406 |      0 |    118 |    183 |   1 |  406.0 |
        Wizlab |   1739 |   1739 |      0 |   1132 |    256 |   1 | 1739.0 |
               +--------+--------+--------+--------+--------+-----+--------+

Top non-repeatable levels by time:
Depths:5: 2961 daAuts
   Elf:3: 2928 daAuts
Vaults:4: 2701 daAuts
   Elf:2: 2638 daAuts
Spider:4: 2604 daAuts
Spider:1: 2563 daAuts
Depths:1: 2453 daAuts
  Lair:3: 2440 daAuts
   Orc:1: 2325 daAuts
Vaults:5: 2321 daAuts
    D:10: 2316 daAuts
Depths:2: 2301 daAuts
Vaults:2: 2216 daAuts
Vaults:1: 2214 daAuts
  Lair:6: 2134 daAuts
